 Dungeon Crawl Stone Soup version 0.31.0-9-g3a7656b989 (console) character file.

Game seed: 17793276183806615398

89140 Coaxmetal the Metamorph (level 16, -34/131 (136) HPs)
             Began as a Formicid Cinder Acolyte on Jan 24, 2024.
             Was a High Priest of Okawaru.
             Annihilated by a dire elephant simulacrum (43 damage)
             ... animated by a necromancer
             ... on level 5 of the Lair of Beasts.
             The game lasted 00:48:23 (33186 turns).

Coaxmetal the Metamorph (Formicid Cinder Acolyte)  Turns: 33186, Time: 00:48:24

HP:   -34/131 (136) AC: 23    Str: 30    XL:     16   Next: 43%
MP:   25/25         EV: 10    Int: 13    God:    Okawaru [*****.]
Gold: 1430          SH: 12    Dex:  9    Spells: 17/19 levels left

rFire   + .          .
                       - Unarmed
rCold   . . .        m - +4 kite shield of Perfidy {rF+ Str+2 Stlth+}
rNeg    . . .        r - +0 plate armour
rPois   .            (helmet unavailable)
rElec   .            U - +0 cloak
rCorr   .            e - +2 pair of gloves
SInv    +            N - +1 pair of boots
Will    ++...        z - amulet of magic regeneration Stlth
                     g - ring of willpower
HPRegen 0.41/turn    M - +4 ring of slaying
MPRegen 0.59/turn

%: no passive effects
@: heroic, lightly drained
A: permanent stasis, dig shafts and tunnels, antennae 3, four strong arms
a: Dig, Shaft Self, Renounce Religion, Heroism, Finesse, Duel


You were on level 5 of the Lair of Beasts.
You worshipped Okawaru.
Okawaru was extremely pleased with you.
You visited 4 branches of the dungeon, and saw 21 of its levels.

You collected 1594 gold pieces.
You spent 164 gold pieces at shops.

Inventory:

Hand Weapons
 x - the +1 dagger "Purghyi" {spect, rCorr Dex+3}
   (You found it on level 2 of the Dungeon)

   Dex+3:     It affects your dexterity (+3).
   rCorr:     It protects you from acid and corrosion.
 F - the +6 sling "Tizumut" {antimagic, rElec rF+ Will+ rCorr}
   (You found it on level 5 of the Dungeon)

   rF+:       It protects you from fire.
   rElec:     It insulates you from electricity.
   Will+:     It increases your willpower.
   rCorr:     It protects you from acid and corrosion.
Missiles
 b - 3 datura-tipped darts
 f - 134 stones
 n - 3 boomerangs
 L - 8 poisoned darts
 Q - 6 atropa-tipped darts (quivered)
 V - 9 javelins
Armour
 e - a +2 pair of gloves (worn)
 m - the +4 kite shield of Perfidy (worn) {rF+ Str+2 Stlth+}
   (You acquired it on level 14 of the Dungeon)

   Str+2:     It affects your strength (+2).
   rF+:       It protects you from fire.
   Stlth+:    It makes you more stealthy.
 r - a +0 plate armour (worn)
 y - a +1 leather armour of fire resistance
 N - a +1 pair of boots (worn)
 O - +0 acid dragon scales
 T - a +2 leather armour of cold resistance
 U - a +0 cloak (worn)
Jewellery
 a - a ring of protection from fire
 g - a ring of willpower (left hand)
 z - an amulet of magic regeneration (around neck)
 M - a +4 ring of slaying (right hand)
 S - a ring of resist corrosion
Talismans
 A - a dragon-blood talisman
Wands
 i - a wand of roots (11)
 p - a wand of flame (13)
 E - a wand of quicksilver (1)
 J - a wand of polymorph (5)
 R - a wand of mindburst (10)
Scrolls
 j - 2 scrolls of enchant weapon
 k - a scroll of brand weapon
 q - a scroll of identify
 t - a scroll of fear
 u - 4 scrolls of enchant armour
 w - 3 scrolls of fog
 B - 7 scrolls of amnesia
 D - 5 scrolls of immolation
 K - 3 scrolls of vulnerability
 P - 3 scrolls of revelation
Potions
 c - 2 potions of brilliance
 d - 4 potions of mutation
 h - 4 potions of might
 l - 3 potions of curing
 o - 2 potions of berserk rage
 s - 2 potions of resistance
 v - 2 potions of enlightenment
 G - 9 potions of ambrosia
 H - a potion of attraction
 I - 2 potions of magic
 W - a potion of lignification


   Skills:
 - Level 15.0(20.0) Fighting
 - Level 3.0(8.0) Axes
 - Level 8.0(13.0) Armour
 - Level 4.0(9.0) Dodging
 - Level 3.0(8.0) Stealth
 - Level 12.0(17.0) Unarmed Combat
 - Level 2.0 Spellcasting
 - Level 6.0 Fire Magic
 - Level 12.0 Invocations
 + Level 4.1 Evocations
 - Level 16.0 Shapeshifting


You had 17 spell levels left.
You knew the following spells:

 Your Spells              Type           Power      Damage    Failure   Level
a - Scorch                Fire           32%        2d6       34%         2

Your spell library contained the following spells:

 Spells                   Type           Power      Damage    Failure   Level
 Foxfire                  Conj/Fire      36%        2x1d5     63%         1
 Apportation              Tloc           2%         N/A       95%         1
 Freeze                   Ice            4%         1d3       95%         1
 Necrotise                Necr           4%         1d4       95%         1
 Sandblast                Erth           2%         2d4       95%         1
 Sting                    Conj/Alch      4%         1d3       95%         1
 Jinxbite                 Hex            2%         N/A       99%         2
 Frozen Ramparts          Ice            2%         1d1       100%        3
 Hailstorm                Conj/Ice       1%         3d5       100%        3
 Passwall                 Erth           1%         N/A       100%        3
 Stone Arrow              Conj/Erth      2%         3d7       100%        3
 Brom's Barrelling Bould  Conj/Erth      1%         2d3       100%        4
 Alistair's Intoxication  Alch           0%         N/A       100%        5
 Borgnjor's Vile Clutch   Necr/Erth      0%         N/A       100%        5
 Iskenderun's Battlesphe  Conj           1%         2d6       100%        5
 Bombard                  Conj/Erth      0%         9d1       100%        6
 Conjure Ball Lightning   Conj/Air       0%         3x3d6     100%        6
 Plasma Beam              Fire/Air       4%         2x1d14    100%        6
 Starburst                Conj/Fire      4%         6d4       100%        6
 Discord                  Hex            0%         N/A       100%        8
 Disjunction              Tloc           0%         N/A       100%        8
 Summon Small Mammal      Summ           Unusable   N/A       N/A         1
 Animate Dead             Necr           Unusable   N/A       N/A         4
 Death Channel            Necr           Unusable   N/A       N/A         6
 Spellforged Servitor     Conj/Summ      Unusable   N/A       N/A         7

Dungeon Overview and Level Annotations

Branches:
Dungeon (14/15)            Temple (1/1) D:5            Lair (5/5) D:11
 Shoals (0/4) Lair:2        Snake (0/4) Lair:3        Slime (0/5) Lair:4
    Orc (1/2) D:12         Vaults (0/5) D:13

Altars:
Ashenzari
Cheibriados
Dithmenos
Elyvilon
Fedhas
Gozag
Hepliaklqana
Kikubaaqudgha
Makhleb
Nemelex Xobeh
Okawaru
Qazlal
Ru
Sif Muna
Trog
Uskayaw
Vehumet
Wu Jian
Xom
Yredelemnul
Zin
The Shining One
Jiyva

Shops:
D:6 ***[

Annotations:
Lair:5 exclusion: obsidian statue


Innate Abilities, Weirdness & Mutations

You cannot be hasted, slowed, berserked, paralysed or teleported.
You can dig through walls and to a lower floor.
You have a pair of large antennae on your head. (SInv)
Your four strong arms can wield two-handed weapons with a shield.


Message History

You feel drained.
* * * LOW HITPOINT WARNING * * *
The spectral anaconda constricts you.
The spectral anaconda loses its grip on you.
You hit the dire elephant simulacrum but do no damage.
The dire elephant simulacrum is almost destroyed.
The dire elephant simulacrum tramples you!
* * * LOW HITPOINT WARNING * * *
You hold your ground!
The dire elephant simulacrum trunk-slaps you but does no damage.
You feel better.
The dire elephant simulacrum barely misses you.
The dire elephant simulacrum trunk-slaps you but does no damage.
The dire elephant tramples you but does no damage.
The dire elephant trunk-slaps you but does no damage.
You hit the dire elephant simulacrum.
The dire elephant simulacrum is almost destroyed.
The dire elephant tramples you but does no damage.
The dire elephant trunk-slaps you.
* * * LOW HITPOINT WARNING * * *
The dire elephant simulacrum tramples you!
* * * LOW HITPOINT WARNING * * *
You hold your ground!
You block the dire elephant simulacrum's attack.
You feel better.
The dire elephant tramples you but does no damage.
The dire elephant trunk-slaps you but does no damage.
You feel better.
The dire elephant simulacrum tramples you!
* * * LOW HITPOINT WARNING * * *
You hold your ground!
You block the dire elephant simulacrum's attack.
The dire elephant tramples you but does no damage.
You block the dire elephant's attack.
You feel better.
You block the dire elephant simulacrum's attack.
The dire elephant simulacrum trunk-slaps you.
* * * LOW HITPOINT WARNING * * *
The dire elephant simulacrum freezes you!!!
You die...

..####
###.#.#.~≈≈≈~#
.....# #P..#.#
~≈≈~~ ...P##
##..#.## ≈~..
...## ###.#..#
,Y.# ...#
#...##.####'##
...#
#.#.♣#P..#8.8#
...#
##...###.#...#
...#
##...##.##..####
...##
##..♣#.P#..'..#
....#
#P.♣##Z#..'.P##
..### ##.P♣
#@####...# ..##
#..♣# #PYZ.'...#
...#
#..######..'...#
..##
#.♣#...'..8#....#
...#
##.##...#####...##
.### #..##...#
##.P# ##
###.##...# #..#
#...##...# ...♣
#.P.##8)8# P♣♣
##..########♣
#.P.## #)+8..


You could see a dire elephant, a spectral anaconda and a dire elephant
simulacrum.

Vanquished Creatures
  3 dire elephants (Lair:5)
  4 vault guards (D:13)
  5 hydras
  3 centaur warriors (D:13)
  2 catoblepae (Lair:5)
  4 two-headed ogres
  3 boulder beetles
  20 death yaks
  A tengu warrior (D:14)
  A deep elf knight (D:13)
  A skyshark (Lair:3)
  4 skeletal warriors (D:13)
  2 spectral death yaks (Lair:5)
  An arcanist (D:13)
  2 deep elf pyromancers
  3 necromancers (Lair:5)
  An orc knight (D:13)
  3 cyclopes
  3 ugly things (D:14)
  A manticore (D:13)
  11 elephants
  4 black mambas
  A gargoyle (D:13)
  Joseph (D:7)
  A torpor snail (Lair:1)
  18 cane toads
  3 dire elephant skeletons (Lair:5)
  A tengu conjurer (D:13)
  11 komodo dragons
  An unseen horror (D:12)
  Jeremiah (D:7)
  4 rime drakes
  A yaktaur (D:13)
  7 trolls
  2 polar bears
  20 blink frogs
  4 merfolk (Lair:2)
  A queen bee (Lair:2)
  4 dream sheep (Lair:3)
  8 slime creatures (D:13)
  A centaur simulacrum (D:14)
  7 wyverns
  4 wraiths
  A basilisk (D:14)
  74 yaks
  2 humans (D:13)
  12 fire elementals (Lair:2)
  2 wargs
  12 vampire mosquitoes
  2 spectral cane toads (Lair:5)
  2 steam dragons
  A harpy simulacrum (D:12)
  An acid dragon (D:9)
  2 nagas (Lair:3)
  Duvessa (D:7)
  A swamp drake (D:12)
  12 water moccasins
  An ice beast (D:6)
  2 laughing skulls (D:13)
  A sky beast (D:8)
  8 orc warriors
  4 elephant zombies (Lair:5)
  3 black bears
  7 wolves
  3 ogres
  2 elephant skeletons (Lair:5)
  25 centaurs
  2 phantoms (D:5)
  2 kobold brigands (D:6)
  12 bullfrogs
  A gnoll sergeant (D:12)
  3 scorpions
  A cane toad simulacrum (Lair:5)
  12 wights
  33 killer bees
  Dowan (D:7)
  4 elephant simulacra (Lair:5)
  2 electric eels (Lair:1)
  6 howler monkeys
  A bombardier beetle (D:7)
  A gnoll bouda (D:6)
  7 orc priests
  4 hounds
  4 jellies
  Crazy Yiuf (D:7)
  2 iguanas
  2 sleepcaps
  Natasha (thrice) (D:2)
  11 orc wizards
  10 adders
  26 gnolls
  A shadow imp (D:8)
  A white imp (D:8)
  4 dart slugs
  3 ribbon worms (D:2)
  38 orcs
  7 ball pythons
  9 bats
  7 endoplasms
  5 goblins
  6 hobgoblins
  3 jackals (D:2)
  23 kobolds
  A quokka (D:4)
  5 frilled lizards
  3 rats
631 creatures vanquished.

Notes
Turn   | Place    | Note
-------+----------+-------------------------------------------
     0 | D:1      | Coaxmetal the Formicid Cinder Acolyte began the quest for
                  | the Orb.
     0 | D:1      | Reached XP level 1. HP: 18/18 MP: 2/2
    96 | D:1      | Reached XP level 2. HP: 24/24 MP: 2/4
   105 | D:1      | Learned a level 2 spell: Scorch
   531 | D:1      | Reached XP level 3. HP: 29/29 MP: 1/6
  1470 | D:2      | Noticed Natasha
  1474 | D:2      | Killed Natasha
  1475 | D:2      | Reached XP level 4. HP: 35/35 MP: 0/7
  1485 | D:2      | Noticed Natasha
  1930 | D:2      | Killed Natasha
  1931 | D:2      | Reached skill level 5 in Fire Magic
  1931 | D:2      | Reached XP level 5. HP: 32/41 MP: 3/8
  2024 | D:2      | Noticed Natasha
  2033 | D:2      | Killed Natasha
  2569 | D:2      | Reached XP level 6. HP: 42/47 MP: 0/9
  2652 | D:2      | Identified the +1 dagger "Purghyi" {spect, rCorr Dex+3}
  3384 | D:3      | Reached skill level 1 in Stealth
  3391 | D:3      | Reached skill level 1 in Evocations
  4365 | D:3      | Reached XP level 7. HP: 53/53 MP: 3/10
  5289 | D:5      | Entered Level 5 of the Dungeon
  5302 | D:5      | Reached skill level 5 in Fighting
  5302 | D:5      | Reached skill level 1 in Unarmed Combat
  5332 | D:5      | Found a staircase to the Ecumenical Temple.
  5526 | D:5      | Reached XP level 8. HP: 62/62 MP: 5/11
  5771 | D:5      | Reached skill level 5 in Unarmed Combat
  5815 | D:5      | Identified the +6 sling "Tizumut" {antimagic, rElec rF+
                  | Will+ rCorr}
  6194 | Temple   | Entered the Ecumenical Temple
  6319 | D:6      | Found Tubb's Assorted Antiques.
  6326 | D:6      | Bought a sedimented green potion for 20 gold pieces
  6326 | D:6      | Bought a scroll labelled GAIKHA GUFAEQ for 23 gold pieces
  6326 | D:6      | Bought a scroll labelled KIT VUAROTERI for 23 gold pieces
  6326 | D:6      | Bought a scroll labelled FYQA NIEKUDD for 23 gold pieces
  6334 | D:6      | Found Nebole's Armour Shoppe.
  6351 | D:6      | Found Ysoonos's General Store.
  6356 | D:6      | Bought a potion of heal wounds for 75 gold pieces
  6426 | D:6      | Found Plog's Neck Hole.
  6934 | D:6      | Reached XP level 9. HP: 61/68 MP: 8/12
  7666 | D:7      | Noticed Jeremiah
  8642 | D:7      | Noticed Duvessa
  8644 | D:7      | Noticed Joseph
  9544 | D:7      | Noticed Dowan
  9942 | D:8      | Reached skill level 10 in Unarmed Combat
 10233 | D:8      | Reached XP level 10. HP: 33/74 MP: 13/13
 10405 | D:8      | Noticed a two-headed ogre
 10418 | D:8      | Killed a two-headed ogre
 10713 | D:8      | Reached skill level 1 in Armour
 11034 | D:9      | Reached skill level 1 in Dodging
 11910 | D:9      | Reached XP level 11. HP: 78/83 MP: 14/14
 12274 | D:9      | Found a shadowy altar of Dithmenos.
 12287 | D:9      | Found an iron altar of Okawaru.
 12294 | D:9      | Reached skill level 5 in Armour
 12420 | D:10     | Entered Level 10 of the Dungeon
 13047 | D:10     | Reached skill level 1 in Invocations
 13423 | D:10     | Noticed a two-headed ogre
 13430 | D:10     | Killed a two-headed ogre
 13431 | D:10     | Reached skill level 5 in Invocations
 14143 | D:7      | Killed Joseph
 14172 | D:7      | Killed Jeremiah
 14305 | D:7      | Killed Duvessa
 14308 | D:7      | Killed Dowan
 14470 | D:7      | Found a runed translucent door.
 14470 | D:7      | Noticed Crazy Yiuf
 14598 | D:7      | Killed Crazy Yiuf
 14753 | D:11     | Found a staircase to the Lair.
 14771 | D:11     | Noticed a boulder beetle
 14937 | D:11     | Killed a boulder beetle
 15191 | D:11     | Noticed a cyclops
 15202 | D:11     | Killed a cyclops
 15203 | D:11     | Reached XP level 12. HP: 95/95 MP: 15/15
 15583 | D:11     | Noticed a two-headed ogre
 15590 | D:11     | Killed a two-headed ogre
 15591 | D:11     | Reached skill level 10 in Fighting
 15688 | D:11     | Reached skill level 1 in Shapeshifting
 15699 | D:11     | Reached skill level 2 in Shapeshifting
 15811 | D:11     | Reached skill level 3 in Shapeshifting
 15946 | D:11     | Noticed a boulder beetle
 15974 | D:11     | Reached skill level 4 in Shapeshifting
 15974 | D:11     | Killed a boulder beetle
 16162 | D:11     | Reached skill level 5 in Shapeshifting
 16361 | D:11     | Found a hazy altar of Hepliaklqana.
 16598 | Lair:1   | Entered Level 1 of the Lair of Beasts
 16712 | Lair:1   | Reached skill level 6 in Shapeshifting
 16747 | Lair:1   | Reached skill level 7 in Shapeshifting
 16836 | Lair:1   | Noticed a death yak
 17009 | Lair:2   | Killed a death yak
 17010 | Lair:2   | Reached skill level 8 in Shapeshifting
 17010 | Lair:2   | Reached XP level 13. HP: 39/103 MP: 16/16
 17403 | Lair:1   | Reached skill level 9 in Shapeshifting
 17746 | Lair:1   | Reached skill level 10 in Shapeshifting
 18550 | D:9      | Fell from the grace of Ignis
 18550 | D:9      | Became a worshipper of Warmaster Okawaru
 18987 | Lair:2   | Reached skill level 11 in Shapeshifting
 19473 | Lair:2   | Reached * piety under Okawaru
 20227 | Lair:2   | Reached skill level 12 in Shapeshifting
 20476 | Lair:2   | Was forgiven by Ignis
 20479 | Lair:2   | You fall into a shaft and drop 1 floor!
 20878 | Lair:3   | Reached ** piety under Okawaru
 21291 | Lair:3   | Reached skill level 13 in Shapeshifting
 21304 | Lair:3   | Reached XP level 14. HP: 44/107 MP: 17/17
 21567 | Lair:3   | Found a staircase to the Snake Pit.
 21698 | Lair:3   | Reached *** piety under Okawaru
 22809 | Lair:2   | Found a staircase to the Shoals.
 23466 | Lair:2   | Reached skill level 14 in Shapeshifting
 23977 | Lair:4   | Found a hide-covered altar of Uskayaw.
 23983 | Lair:4   | Found a viscous altar of Jiyva.
 23983 | Lair:4   | Found a staircase to the Slime Pits.
 24003 | Lair:4   | Reached **** piety under Okawaru
 24026 | Lair:4   | Reached skill level 15 in Shapeshifting
 24443 | Lair:4   | Reached ***** piety under Okawaru
 25365 | D:12     | Reached skill level 16 in Shapeshifting
 26435 | D:12     | Found a staircase to the Orcish Mines.
 26823 | Orc:1    | Entered Level 1 of the Orcish Mines
 27426 | D:13     | Reached XP level 15. HP: 119/119 MP: 18/18
 27809 | D:13     | Found a gate to the Vaults.
 28393 | D:13     | Received a gift from Okawaru
 29766 | D:14     | Received a gift from Okawaru
 30096 | D:14     | Identified a scroll of acquirement
 30101 | D:14     | Acquired the +4 kite shield of Perfidy {rF+ Str+2 Stlth+}
 30661 | Lair:5   | Entered Level 5 of the Lair of Beasts
 31259 | Lair:5   | Received a gift from Okawaru
 31374 | Lair:5   | Reached skill level 15 in Fighting
 31382 | Lair:5   | Reached XP level 16. HP: 72/136 MP: 18/22
 31831 | Lair:5   | Identified the +1 plate armour of a bailey {rC+ Dex+3}
 32040 | Lair:5   | Reached skill level 10 in Invocations
 33183 | Lair:5   | HP: 5/131 [dire elephant simulacrum[a necromancer] (11)]
 33186 | Lair:5   | Annihilated by a dire elephant simulacrum

Illustrated notes

Levels and vault maps discovered:
D:1:      minmay_arrival_checkered_box, layout_loops_corners, minmay_circled_x
D:2:      layout_basic, minmay_joined_circles, uniq_natasha
D:3:      layout_loops_corners, serial_glass, glass_columns_b, glass_columns_a
D:4:      layout_cave_pools
D:5:      layout_basic, minmay_temple_entry_ruins
D:6:      layout_layer_cave, serial_shops, nicolae_shop_pleasant_corner_grove,
          nicolae_shop_tiny_real_fake_doors, shop,
          nicolae_shop_sticking_my_neck_out
D:7:      layout_rooms, uniq_joseph, uniq_crazy_yiuf_cottage, uniq_jeremiah,
          uniq_duvessa
D:8:      layout_rooms, serial_rivers, chequers_serial_rivers_micro_d,
          chequers_serial_rivers_small_b, chequers_serial_rivers_micro_a,
          chequers_serial_rivers_marsh, chequers_serial_rivers_large_a
D:9:      layout_loops_ring, jmf_multi_god_temple2
D:10:     layout_basic
D:11:     lemuel_troll_bridge, layout_basic, erik_lair_orcish_takeover,
          portal_ice_cave_rime, worldfamousw_hep_ancestral_shrine
D:12:     layout_stronghold, erik_orc_1, chequers_serial_rivers_micro_e
D:13:     layout_irregular_city, grunt_vaults_entry_fortified,
          gauntlet_entry_generic
D:14:     layout_loops_ring, minmay_misc_feat_tower
Temple:   nicolae_temple_slightly_damp_pantheon
Lair:1:   layout_roguey, grunt_megastairs_5, lemuel_fruit_tree,
          serial_bayou_shore_a
Lair:2:   layout_roguey [special_room_bee], elwin_shoals_entry_stream
Lair:3:   layout_regular_city, guppyfry_snake_entry_garden,
          serial_bayou_crossing
Lair:4:   layout_layer_cave, slime_entry_1, basic_altar
Lair:5:   due_jungle_book, layout_big_grid, grunt_forest_small_clearing_treed
Orc:1:    layout_diamond_mine

Skill      XL: |  1  2  3  4  5  6  7  8  9 10 11 12 13 14 15 16 |
---------------+-------------------------------------------------+-----
Spellcasting   | 2 |  2.0
Fire Magic     | 4 5 6 |  6.0
Stealth        | 3 |  3.0
Evocations     | 2 4 |  4.1
Fighting       | 5 6 9 10 11 15 | 15.0
Unarmed Combat | 3 7 10 12 | 12.0
Armour         | 4 7 8 |  8.0
Dodging        | 3 4 |  4.0
Invocations    | 5 8 12 | 12.0
Shapeshifting  | 8 13 16 | 16.0
Axes           | |  3.0

Action                     |  1- 3 |  4- 6 |  7- 9 | 10-12 | 13-15 | 16-18 || total
---------------------------+-------+-------+-------+-------+-------+-------++-------
  Melee: Hand axe          |    23 |    14 |     9 |       |       |       ||    46
         Whip              |       |    28 |    13 |       |       |       ||    41
         Punch             |       |     1 |    12 |    54 |    75 |     3 ||   145
         Unarmed           |       |       |   199 |   536 |   841 |   212 ||  1788
         Tailslap          |       |       |       |       |    53 |     9 ||    62
         Bite              |       |       |       |       |    29 |     8 ||    37
   Fire: Sling             |       |       |    29 |       |       |       ||    29
  Throw: Stone             |       |       |    11 |     2 |       |       ||    13
         Dart              |       |       |       |    32 |     9 |       ||    41
   Cast: Scorch            |    24 |    69 |    85 |       |       |       ||   178
 Invoke: Fiery Armour      |       |     1 |     3 |     7 |       |       ||    11
         Heroism           |       |       |       |       |     8 |     2 ||    10
         Finesse           |       |       |       |       |     3 |       ||     3
Ability: Dig               |       |       |     4 |       |    21 |       ||    25
         Shaft Self        |       |       |       |       |     1 |       ||     1
         Breathe Fire      |       |       |       |       |    15 |       ||    15
  Evoke: Wand              |       |       |     1 |    10 |     5 |     2 ||    18
    Use: Scroll            |     1 |     5 |     3 |    11 |     9 |       ||    29
         Potion            |       |       |     1 |     2 |     4 |     5 ||    12
   Stab: Sleeping          |       |       |       |       |     3 |       ||     3
         Petrified         |       |       |       |       |     1 |       ||     1
 Armour: Robe              |    17 |       |       |       |       |       ||    17
         Leather armour    |       |    55 |   250 |    36 |       |       ||   341
         Plate armour      |       |       |       |   452 |   376 |   139 ||   967
         Skin              |       |       |       |       |   485 |    23 ||   508
  Dodge: Dodged            |    19 |    46 |   222 |   186 |   350 |    56 ||   879
  Block: Kite shield       |       |       |       |       |       |    90 ||    90
   Form: Dragon            |       |       |       |       |     1 |       ||     1
                           |       |       |       |       |       |     1 ||     1
